 Dungeon Crawl Stone Soup version 0.32-a0-450-g080537f31e (webtiles) character file.

Game seed: 4547400715897689459

105 funkygono the Firebug (level 4, -3/24 HPs)
             Began as a Deep Elf Fire Elementalist on Feb 23, 2024.
             Incinerated by a bombardier beetle (6 damage)
             ... with a burning spray
             ... on level 3 of the Dungeon.
             The game lasted 00:02:31 (1886 turns).

funkygono the Firebug (Deep Elf Fire Elementalist)  Turns: 1886, Time: 00:02:32

Health: -3/24      AC:  2    Str:  5    XL:     4   Next: 53%
Magic:  1/12       EV: 13    Int: 22    God:
Gold:   140        SH:  0    Dex: 15    Spells: 5/11 levels left

rFire   . . .        g - +0 short sword
rCold   . . .        (no shield)
rNeg    . . .        a - +0 robe
rPois   .            (no helmet)
rElec   .            (no cloak)
rCorr   .            (no gloves)
SInv    .            (no boots)
Will    .....        (no amulet)
Stlth   +            (no ring)
HPRegen 0.24/turn    (no ring)
MPRegen 0.13/turn

%: no passive effects
@: on fire, very slightly contaminated, glowing
A: no striking features
a: no special abilities


You were on level 3 of the Dungeon.
You visited 1 branch of the dungeon, and saw 3 of its levels.

You collected 140 gold pieces.

Inventory:

Hand Weapons
 g - a +0 short sword (weapon)
Armour
 a - a +0 robe (worn)
Jewellery
 k - a ring of poison resistance
Talismans
 c - a flux talisman
 p - a beast talisman
Wands
 o - a wand of digging (7)
Scrolls
 d - 2 scrolls of identify {unknown}
 f - a scroll of amnesia {unknown}
 h - a scroll of teleportation {unknown}
 i - a scroll of vulnerability {unknown}
 l - a scroll of summoning {unknown}
Potions
 b - a potion of magic
 e - 4 potions of heal wounds {unknown}
 j - 3 potions of curing {unknown}
 m - 3 potions of might {unknown}
 n - a potion of mutation {unknown}


   Skills:
 + Level 2.7 Dodging
 + Level 3.0 Stealth
 + Level 4.3 Spellcasting
 + Level 2.0 Conjurations
 + Level 4.5 Fire Magic


You had 5 spell levels left.
You knew the following spells:

 Your Spells              Type           Power      Damage    Failure   Level
a - Foxfire               Conj/Fire      76%        2x1d7     2%          1
b - Scorch                Fire           48%        2d7       2%          2
c - Volatile Blastmotes   Fire/Tloc      28%        2d12      13%         3

Your spell library contained the following spells:

 Spells                   Type           Power      Damage    Failure   Level
 Slow                     Hex            16%        N/A       11%         1
 Inner Flame              Hex/Fire       14%        N/A       13%         3
 Ensorcelled Hibernation  Hex/Ice        8%         N/A       16%         2
 Flame Wave               Conj/Fire      19%        2d7       28%         4
 Confusing Touch          Hex            4%         N/A       32%         3
 Fugue of the Fallen      Necr           4%         N/A       32%         3
 Sigil of Binding         Hex            4%         N/A       32%         3
 Vampiric Draining        Necr           4%         2d6       32%         3
 Anguish                  Hex/Necr       2%         N/A       71%         4


Dungeon Overview and Level Annotations

Branches:
Dungeon (3/15)

Altars:
Xom

Shops:
D:1 !


Message History

You miscast Foxfire.
You are very lightly contaminated with residual magic.
Nothing appears to happen.
The liquid fire burns you!
The foxfire hits the bombardier beetle.
The bombardier beetle is heavily wounded.
The foxfire hits the bombardier beetle but does no damage.
The bombardier beetle is heavily wounded.
Casting: Foxfire (safe; 2% risk of failure)
Confirm with . or Enter, or press ? or * to list all spells.
You miscast Foxfire.
Nothing appears to happen.
The liquid fire burns you!
Casting: Foxfire (safe; 2% risk of failure)
Confirm with . or Enter, or press ? or * to list all spells.
You conjure some foxfire!
The liquid fire burns you!
Casting: Foxfire (safe; 2% risk of failure)
Confirm with . or Enter, or press ? or * to list all spells.
Flames lash the bombardier beetle.
The bombardier beetle is severely wounded.
The bombardier beetle's fire resistance burns away.
The liquid fire burns you!
* * * LOW HITPOINT WARNING * * *
The foxfire hits the bombardier beetle.
The bombardier beetle is severely wounded.
The foxfire hits the bombardier beetle.
The bombardier beetle is burned terribly!
The bombardier beetle is almost dead.
Casting: Scorch (safe; 2% risk of failure)
Confirm with . or Enter, or press ? or * to list all spells.
You conjure some foxfire!
The liquid fire burns you!
* * * LOW HITPOINT WARNING * * *
Casting: Foxfire (safe; 2% risk of failure)
Confirm with . or Enter, or press ? or * to list all spells.
Flames lash the bombardier beetle.
The bombardier beetle is burned terribly!
You kill the bombardier beetle!
The liquid fire burns you!
You die...

....##.....###... ##.....##
....#.......#...(...#.......#
#...#.......#...... #...)...#
....#.......#...... #.......#
....##.....###.... ##..)..###
.....##.†.## #... ##...##.#
##....##'#######'#######'##..#
...............v.............#
#.........(.....@............#
.................v...........#
......##'#######'#######'#####
#....##.).## ##.).## ##.).##
#.<.##.....###.....###.....##
#.#.#.......#.......#.......#
#...#.......#.......#.......#
#...#...)...#...(...#.......#
##.....###.....###.....##


There were no monsters in sight!

Vanquished Creatures
  2 bombardier beetles (D:3)
  Terence (D:3)
  2 adders (D:2)
  A ribbon worm (D:2)
  An orc (D:3)
  3 endoplasms
  2 giant cockroaches
  A goblin (D:3)
  2 hobgoblins
  3 jackals (D:1)
  2 kobolds (D:3)
  3 ball pythons
  4 bats
  3 frilled lizards
  A rat (D:2)
31 creatures vanquished.

Vanquished Creatures (others)
  115 foxfires
115 creatures vanquished.

Grand Total: 146 creatures vanquished

Notes
Turn   | Place    | Note
-------+----------+-------------------------------------------
     0 | D:1      | funkygono the Deep Elf Fire Elementalist began the quest
                  | for the Orb.
     0 | D:1      | Reached XP level 1. HP: 10/10 MP: 6/6
   129 | D:1      | Found Keantol's Distillery.
   749 | D:2      | Reached XP level 2. HP: 15/15 MP: 5/8
   928 | D:2      | Found a shimmering altar of Xom.
   992 | D:2      | Learned a level 2 spell: Scorch
  1036 | D:2      | Reached XP level 3. HP: 19/19 MP: 5/10
  1088 | D:2      | Learned a level 3 spell: Volatile Blastmotes
  1494 | D:3      | Reached XP level 4. HP: 24/24 MP: 3/12
  1747 | D:3      | Noticed Terence
  1755 | D:3      | Killed Terence
  1886 | D:3      | Incinerated by a bombardier beetle

Illustrated notes

Levels and vault maps discovered:
D:1:      lemuel_arrival_room, layout_basic, serial_shops, shop
D:2:      layout_loops_cross, basic_altar
D:3:      kennysheep_six_static_rooms, layout_rooms,
          dreamdust_ecumenical_altar_drowned_temple, uniq_terence

Skill      XL: |  1  2  3  4 |
---------------+-------------+-----
Fire Magic     | 4 |  4.5
Spellcasting   | 4 |  4.3
Stealth        | 3 |  3.0
Conjurations   | 2 |  2.0
Dodging        | |  2.7

Action                     |  1- 3 |  4- 6 || total
---------------------------+-------+-------++-------
   Cast: Foxfire           |    38 |    27 ||    65
         Scorch            |     1 |     4 ||     5
 Armour: Robe              |     1 |       ||     1
  Dodge: Dodged            |     2 |       ||     2

Table legend: (Time is in decaauts)
 A = Elapsed time spent in this place.
 B = Non-inter-level travel time spent in this place.
 C = Inter-level travel time spent in this place.
 D = Time resting spent in this place.
 E = Time spent auto-exploring this place.
 F = Levels seen in this place.
 G = Mean time per level.
                   A        B        C        D        E       F      G
               +--------+--------+--------+--------+--------+-----+--------+
         Total |   1885 |   1838 |     47 |      0 |   1638 |   3 |  628.3 |
       Dungeon |   1885 |   1838 |     47 |      0 |   1638 |   3 |  628.3 |
               +--------+--------+--------+--------+--------+-----+--------+

Top non-repeatable levels by time:
     D:2: 759 daAuts
     D:1: 724 daAuts
     D:3: 400 daAuts
